cohdb
Replays
Latest Replays
All Replays
Popular Replays
Top Player Replays
Match Explorer
How It Works
Community
CoH3 Stats
Reddit
Sign in to upload your games and track your stats! →
Sign in with Steam
Match 31548998
Unlisted
Match 31548998
Overview
Messages
Build Orders
End
Construct Barracks
Riflemen Squad
Riflemen Squad
Riflemen Squad
Construct Medical Station
Infantry Support Center
Construct Motor Pool
Selects Advanced Infantry Battlegroup
Selects Convert to Ranger Squad
Engineer Squad
M8 Greyhound Armored Car
Selects Frontline Medical Station
Frontline Medical Station
M1 Anti-tank Gun Team
Construct Tank Depot
Selects Infantry Assault
Selects Artillery Observers
Convert to Ranger Squad
M4A1 Sherman Medium Tank
M4(105) Sherman Bulldozer
Convert to Ranger Squad
Advanced Logistics
Selects M2A1 105mm Howitzer Emplacement
M18 Hellcat Tank Destroyer
Survival Training
Selects Free Fire Drills
Construct Weapon Support Center
M3 Armored Personnel Carrier
Munitions Surplus
Demolitions Package
Convert to Ranger Squad
Infantry Assault
Infantry Assault
M4(105) Sherman Bulldozer
M4(105) Sherman Bulldozer
Makak
穿山甲
Arashenstein
Einhander
0
0
Comments
sign in to comment!
No comments posted yet!